 Dungeon Crawl Stone Soup version 0.19.0-20-gbc5f0c6 (webtiles) character file.

198282 grisgris the Peltast (level 18, -4/118 HPs)
             Began as a Gargoyle Fighter on Nov 16, 2016.
             Was the Champion of Qazlal.
             Killed by the raging water
             ... invoked by a water nymph
              (7 damage)
             ... on level 4 of the Shoals.
             The game lasted 02:02:27 (31483 turns).

grisgris the Peltast (Gargoyle Fighter)            Turns: 31483, Time: 02:02:28

Health: -4/118     AC: 38    Str: 32    XL:     18   Next: 88%
Magic:  9/9        EV: 15    Int: 11    God:    Qazlal [******]
Gold:   1758       SH: 30    Dex: 12    Spells: 0 memorised, 17 levels left

rFire  + + .     SeeInvis .     H - +5 demon whip "Spellbinder" {antimagic, MR+}
rCold  . . .     Gourm    .     s - +6 fire dragon scales
rNeg   + . .     Faith    .     c - +0 shield
rPois  ∞         Spirit   .     O - +0 helmet {Int+3}
rElec  +         Reflect  +     E - +1 cloak
rCorr  .         Harm     .     j - +0 pair of gloves
MR     +++..                    z - +0 pair of boots
Stlth  ..........               U - amulet "Lesour" {Reflect Str+5 Int-4 Dex+3 SH+5}
                                V - ring of protection from cold
                                K - ring of protection from magic

@: flying, hasted, repel missiles, very quick
A: big wings, clever 1, negative energy resistance 1, electricity resistance,
unbreathing, petrification resistance, rot immunity, AC +13
a: Stop Flying, Upheaval, Elemental Force, Disaster Area, Renounce Religion


You were on level 4 of the Shoals.
You worshipped Qazlal.
Qazlal was exalted by your worship.
You were not hungry.

You visited 7 branches of the dungeon, and saw 32 of its levels.
You visited the Abyss 1 time.
You visited 1 bazaar.
You also visited: Ossuary and Bailey.

You collected 3550 gold pieces.
You spent 1792 gold pieces at shops.

Inventory:

Hand Weapons
 H - the +5 demon whip "Spellbinder" (weapon) {antimagic, MR+}
   (You found it on level 5 of the Lair of Beasts)

   It reduces the magical energy of the wielder, and disrupts the spells and
   magical abilities of those hit.
   Natural abilities and divine invocations are not affected.
   It affects your resistance to hostile enchantments.
Armour
 c - a +0 shield (worn)
 j - a +0 pair of gloves (worn)
 s - +6 fire dragon scales (worn)
 z - a +0 pair of boots (worn)
 E - a +1 cloak (worn)
 O - a +0 helmet of intelligence (worn)
Jewellery
 a - an uncursed amulet of magic regeneration
 h - an uncursed amulet of harm
 l - an uncursed amulet of guardian spirit {unknown}
 v - an uncursed ring of resist corrosion
 x - an uncursed ring of positive energy
 F - a +5 amulet of reflection
 I - an uncursed amulet of rage
 K - a ring of protection from magic (left hand)
 N - an uncursed ring of teleportation
 S - an uncursed amulet of the gourmand
 U - the amulet "Lesour" (around neck) {Reflect Str+5 Int-4 Dex+3 SH+5}
   (You bought it in a shop in a bazaar)

   [amulet of reflection]

   It shields you and reflects attacks.
   It affects your strength (+5).
   It affects your intelligence (-4).
   It affects your dexterity (+3).
   It affects your SH (+5).
 V - a ring of protection from cold (right hand)
Wands
 e - a wand of disintegration (24/24)
 f - a wand of digging (18/24)
 k - a wand of disintegration (10/24)
 n - a wand of teleportation (6/9)
 q - a wand of paralysis (6/24)
 r - a wand of lightning (15/15)
 L - a wand of teleportation (7/9)
 M - a wand of iceblast (8/15)
Scrolls
 b - 7 scrolls of remove curse
 d - a scroll of enchant weapon
 p - 8 scrolls of teleportation
 w - a scroll of fear
 y - 4 scrolls of amnesia
 B - a scroll of fog
 G - 2 scrolls of blinking
 T - a scroll of magic mapping
 Y - a scroll of recharging
 Z - a scroll of identify
Potions
 i - 2 potions of haste
 o - a potion of resistance
 u - 4 potions of cure mutation
 A - a potion of might
 C - a potion of ambrosia
 J - 3 potions of agility
 P - a potion of flight
 Q - 2 potions of brilliance
Books
 R - a book of Maledictions

   Spells                             Type                      Level
   a - Corona                         Hexes                        1
   b - Ensorcelled Hibernation        Hexes/Ice                    2
   c - Confuse                        Hexes                        3
   d - Tukima's Dance                 Hexes                        3
   e - Dazzling Spray                 Conjuration/Hexes            3
Comestibles
 g - 3 bread rations
 m - 2 slices of pizza
 t - 13 royal jellies
 D - a chunk of flesh
 X - 2 meat rations


   Skills:
 + Level 14.8 Fighting
 + Level 16.1 Maces & Flails
 + Level 11.8 Armour
 + Level 8.4 Dodging
 - Level 1.0 Stealth
 + Level 19.5 Shields
 + Level 12.5 Invocations
 + Level 1.0 Evocations


You had 17 spell levels left.
You didn't know any spells.

Dungeon Overview and Level Annotations

Branches:
Dungeon (15/15)            Temple (1/1) D:6            Lair (6/6) D:9
 Shoals (4/4) Lair:2       Spider (1/4) Lair:3        Slime (0/5) Lair:6
    Orc (2/2) D:10            Elf (3/3) Orc:2        Vaults (0/5) D:13
 Depths (0/5) D:15

Altars:
Ashenzari
Elyvilon
Qazlal
Ru
Trog
Xom
The Shining One
Beogh
Jiyva

Shops:
D:4 ?   D:5 (   D:6 :   D:10 !   Orc:2 [[!   Shoals:1 ?

Portals:
Trove: D:14 (give 13 scrolls of teleportation)

Annotations:
Abyss:1 Kirke


Innate Abilities, Weirdness & Mutations

You are resistant to torment.
Your stone body is resilient. (AC +13)
You are immune to poison.
Your large and strong wings let you fly indefinitely.
You resist negative energy. (rN+)
You are resistant to electric shocks. (rElec)
You can survive without breathing.
You are immune to petrification.
You are immune to rotting.
Your mind is acute. (Int +2)


Message History

The merfolk throws a tomahawk of returning.
You reflect the tomahawk of returning off an invisible shield around you!
The tomahawk of returning hits the merfolk.
The weapon returns to the merfolk!
The alligator snapping turtle completely misses you.
The water nymph is engulfed in freezing vapours.
You feel yourself speed up.
The plant is engulfed in freezing vapours.
The merfolk is engulfed in freezing vapours.
The merfolk throws a tomahawk of returning.
You reflect the tomahawk of returning off an invisible shield around you!
The tomahawk of returning completely misses the merfolk.
The weapon returns to the merfolk!
The alligator snapping turtle is engulfed in freezing vapours.
The alligator snapping turtle seems to slow down.
The alligator snapping turtle bites you but does no damage.
The water nymph is engulfed in freezing vapours.
The water nymph gestures at you while chanting.
The water rises up and strikes you!
You die...

)..≈≈≈.....≈≈≈≈≈≈≈≈≈....≈≈≈≈≈≈≈≈.
....≈≈#####.≈≈≈≈≈≈≈≈≈......≈≈....
≈≈≈≈.##≈≈≈##≈≈≈≈≈≈P≈≈.P....)....#
≈≈≈≈.#≈≈≈≈≈#≈≈≈≈≈≈PPPPP≈....##..#
≈≈≈≈.#≈≈≈≈≈'≈≈≈≈≈≈≈≈PPP≈....#*###
≈≈≈..#≈≈≈≈≈#≈≈≈≈≈≈≈≈PP≈≈....#****
≈....##≈≈≈##≈≈≈≈≈≈≈≈≈..≈......,,*
...!..#####≈≈≈≈≈≈≈≈≈≈..≈≈.....,,,
..........≈≈≈≈§H@§§≈....≈≈,,,,,,,
...........≈≈≈≈≈≈P≈≈≈...,,≈,,,,,*
............≈mt#####≈...,,,,,,≈**
...≈#≈#≈.÷...m##≈≈≈##...,,,,,,,*,
..≈#≈≈≈#≈.†...#≈≈≈≈.#**#,,,,,,,+,
..#≈≈≈≈≈#.....'≈≈|..# *,,,,,,,*,
..≈≈≈≈≈≈≈....≈#≈≈≈≈.#*##,,,,,,,**
..#≈≈≈≈≈#.)%m≈##≈≈≈##<..,,,,,,,,*
≈.≈#≈≈≈#≈..≈)≈≈#####≈≈≈≈≈,,,,,,,,


You could see an alligator snapping turtle, a merfolk, a manticore and a water
nymph.

Vanquished Creatures
  Rupert (Spider:1)
  2 tengu reavers
  Ilsuiw (Shoals:4)
  A frost giant (D:12)
  Aizul (Shoals:2)
  An emperor scorpion (Spider:1)
  6 dire elephants (Lair:6)
  A spark wasp (Spider:1)
  Snorg (Lair:6)
  6 merfolk javelineers
  An ettin (D:12)
  A fire dragon (D:12)
  8 merfolk impalers
  4 hydras
  Harold (Lair:4)
  An ice dragon (D:13)
  6 centaur warriors
  An anaconda (Lair:6)
  A catoblepas (D:13)
  The ghost of Sapher the Cleaver, a novice DDGl of Makhleb (D:12)
  3 merfolk avatars
  22 dancing weapons
  Erica (D:9)
  5 merfolk aquamancers
  2 alligator snapping turtles (Shoals:4)
  2 ogre magi (Orc:2)
  3 satyrs
  A tengu warrior (D:12)
  12 deep elf knights
  Nergalle (Lair:3)
  A spatial maelstrom (Abyss:2)
  An iron troll (Orc:2)
  A deep troll (Orc:2)
  3 unseen horrors
  8 sea snakes
  9 deep elf archers
  3 orc knights
  A swamp dragon (shapeshifter) (D:15)
  7 hill giants
  The ghost of Charly the Cleaver, a novice DDMo (Bailey)
  12 harpies
  A wizard (D:15)
  A wolf spider zombie (D:15)
  3 large abominations (Abyss:2)
  A necromancer (D:15)
  9 cyclopes
  9 ugly things
  4 orb spiders
  31 deep elf magi
  6 wolf spiders
  4 orc sorcerers
  21 fauns
  12 sirens
  14 manticores
  8 elephants (Lair:6)
  Joseph (D:7)
  3 black mambas
  3 centaur zombies
  6 water nymphs
  A naga mage (D:15)
  A gargoyle (D:13)
  9 spiny frogs
  A torpor snail (Lair:3)
  An efreet (D:13)
  A rime drake (Lair:1)
  6 komodo dragons
  6 yaktaurs
  An ancient zyme (Abyss:2)
  A redback zombie (D:15)
  A freezing wraith (D:15)
  2 demonic crawlers (Spider:1)
  A queen bee (D:8)
  2 hornets
  26 merfolk
  A polar bear (Lair:6)
  17 trolls
  9 two-headed ogres
  5 jumping spiders (Spider:1)
  A troll (shapeshifter) (Elf:1)
  6 wind drakes
  5 dream sheep (Lair:6)
  5 blink frogs (Lair:6)
  8 hippogriffs
  7 snapping turtles
  6 slime creatures (D:15)
  A shadow (D:11)
  A flying skull (Abyss:2)
  3 air elementals
  7 tarantellas (Spider:1)
  12 redbacks
  A centaur simulacrum (D:15)
  A spriggan (shapeshifter) (D:13)
  4 hogs (Elf:1)
  47 yaks
  17 water elementals
  3 wraiths
  A vampire (D:12)
  2 fire elementals (Elf:2)
  5 basilisks
  A vampire mosquito (D:13)
  5 hungry ghosts
  3 spatial vortices (Abyss:2)
  Menkaure (D:4)
  2 mottled dragons
  Edmund (D:4)
  A warg (D:10)
  11 water moccasins
  2 hell hounds (Abyss:2)
  7 porcupines
  14 orc warriors
  2 sky beasts
  2 black bears
  2 eyes of draining
  3 necrophages
  3 boggarts (D:15)
  25 ogres
  5 phantoms
  16 centaurs
  10 crocodiles
  3 big kobolds
  A gnoll sergeant (D:7)
  21 bullfrogs
  3 earth elementals
  A wyvern skeleton (D:14)
  5 scorpions
  9 small abominations (Abyss:2)
  A wight (D:12)
  34 killer bees
  8 howler monkeys
  6 electric eels
  6 crimson imps
  A quasit (D:10)
  2 bullfrog zombies
  6 orc priests
  6 centaur skeletons
  8 hounds
  4 jellies
  20 orc wizards
  2 iguanas
  14 worker ants
  2 hound zombies
  A hound skeleton (D:7)
  2 mummies (Ossuary)
  A worker ant zombie (D:6)
  A howler monkey zombie (D:11)
  18 adders
  8 gnolls
  4 river rats (D:7)
  3 shadow imps
  2 oozes
  An adder zombie (D:5)
  An adder skeleton (D:7)
  2 worms
  A dart slug (D:1)
  5 leopard geckos
  42 orcs
  6 bats
  2 giant cockroaches
  A gnoll zombie (Ossuary)
  6 goblins
  10 hobgoblins
  18 jackals
  22 kobolds
  7 quokkas
  A ball python (D:4)
  5 frilled lizards
  A gnoll skeleton (Ossuary)
  A goblin skeleton (Ossuary)
  3 goblin zombies (Ossuary)
  2 hobgoblin skeletons (Ossuary)
  2 hobgoblin zombies (Ossuary)
  A jackal skeleton (D:5)
  2 kobold zombies (Ossuary)
  3 orc skeletons (Ossuary)
  5 orc zombies (Ossuary)
  2 quokka skeletons (D:5)
  7 rats
  2 rat skeletons (Ossuary)
  3 rat zombies (Ossuary)
  2 crawling corpses (Elf:1)
  27 fungi
  A lurking horror (Abyss:2)
  29 plants
1059 creatures vanquished.

Vanquished Creatures (collateral kills)
  A deep elf high priest (Elf:1)
  A deep elf archer (Elf:2)
  4 deep elf magi (Elf:1)
  A fire elemental (Elf:1)
  2 crawling corpses (Elf:1)
9 creatures vanquished.

Vanquished Creatures (others)
  2 eldritch tentacles
  4 merfolk javelineers
  2 satyrs
  2 deep elf archers
  A deep elf mage (Elf:3)
  A cyclops (Shoals:4)
  A faun (Shoals:3)
  A worldbinder (Abyss:2)
  A water nymph (Shoals:4)
  A jumping spider (Spider:1)
  A yak (D:13)
  A water elemental (Shoals:1)
  4 centaurs (Shoals:3)
  A crimson imp (D:11)
  2 mummies (Ossuary)
  A ball lightning (Elf:2)
  2 goblin zombies (Ossuary)
  3 hobgoblin skeletons (Ossuary)
  A hobgoblin zombie (Ossuary)
  3 kobold skeletons (Ossuary)
  A kobold zombie (Ossuary)
  4 orc skeletons (Ossuary)
  An orc zombie (Ossuary)
  6 rat skeletons (Ossuary)
  4 rat zombies (Ossuary)
  3 bushes (Abyss:2)
  A fungus (Lair:6)
  21 plants
76 creatures vanquished.

Grand Total: 1144 creatures vanquished

Notes
Turn   | Place    | Note
-------+----------+-------------------------------------------
     0 | D:1      | grisgris the Gargoyle Fighter began the quest for the Orb.
     0 | D:1      | Reached XP level 1. HP: 14/14 MP: 1/1
   166 | D:1      | Reached XP level 2. HP: 19/20 MP: 2/2
   398 | D:1      | Reached XP level 3. HP: 24/24 MP: 3/3
  1119 | D:2      | Reached XP level 4. HP: 29/29 MP: 4/4
  1216 | D:2      | You fall through a shaft!
  1244 | D:3      | Reached skill level 1 in Dodging
  1447 | D:3      | Reached skill level 4 in Shields
  1517 | D:3      | Noticed a phantom
  1547 | D:3      | Killed a phantom
  1547 | D:3      | Reached XP level 5. HP: 32/33 MP: 5/5
  2400 | D:4      | Noticed an ogre
  2401 | D:4      | Noticed a phantom
  2433 | D:4      | Reached XP level 6. HP: 16/38 MP: 6/6
  2467 | D:4      | Killed a phantom
  2735 | D:4      | Reached skill level 5 in Shields
  2735 | D:4      | Reached XP level 7. HP: 41/44 MP: 7/7
  2784 | D:4      | Noticed Menkaure
  2811 | D:4      | Killed Menkaure
  2848 | D:4      | Found a sand-covered staircase.
  2960 | Ossuary  | Entered an ossuary
  3718 | D:4      | Reached skill level 5 in Maces & Flails
  3718 | D:4      | Reached skill level 5 in Armour
  3803 | D:4      | Found Lira's Magic Scroll Boutique.
  3819 | D:4      | Bought a scroll of enchant weapon for 105 gold pieces
  3900 | D:4      | Noticed Edmund
  3966 | D:4      | Killed Edmund
  3966 | D:4      | Reached skill level 5 in Fighting
  3966 | D:4      | Reached XP level 8. HP: 33/49 MP: 8/8
  4037 | D:5      | Entered Level 5 of the Dungeon
  4097 | D:5      | Reached skill level 6 in Shields
  4597 | D:5      | Reached skill level 1 in Stealth
  4614 | D:5      | Found Relitwih's Weapon Boutique.
  4963 | D:6      | Found a staircase to the Ecumenical Temple.
  5003 | Temple   | Entered the Ecumenical Temple
  5010 | Temple   | Became a worshipper of Qazlal Stormbringer
  5020 | D:6      | Found Ykhac's Book Shoppe.
  5058 | D:6      | Reached XP level 9. HP: 29/55 MP: 9/9
  6128 | D:7      | Found a shimmering altar of Xom.
  6315 | D:7      | Noticed Joseph
  6336 | D:7      | Killed Joseph
  6336 | D:7      | Reached skill level 7 in Shields
  6792 | D:7      | Reached * piety under Qazlal
  7029 | D:8      | Reached XP level 10. HP: 39/61 MP: 10/10
  7047 | D:8      | Reached skill level 8 in Shields
  7095 | D:8      | Reached ** piety under Qazlal
  7406 | D:8      | Found a bloodstained altar of Trog.
  7652 | D:8      | Found a flagged portal.
  7659 | Bailey   | Entered a bailey
  7659 | Bailey   | Noticed an orc knight
  7663 | Bailey   | Noticed an orc knight
  7674 | Bailey   | Noticed an orc knight
  7682 | Bailey   | Reached skill level 9 in Shields
  7688 | Bailey   | Killed an orc knight
  7709 | Bailey   | Noticed Charly's ghost (novice DDMo)
  7730 | Bailey   | Killed Charly's ghost
  8724 | D:9      | Reached XP level 11. HP: 68/68 MP: 11/11
  8748 | D:9      | Reached skill level 10 in Maces & Flails
  8803 | D:9      | Reached *** piety under Qazlal
  8888 | D:9      | Found a staircase to the Lair.
  9036 | D:9      | Noticed Erica
  9045 | D:9      | Killed Erica
  9045 | D:9      | Reached skill level 10 in Shields
  9408 | Lair:1   | Entered Level 1 of the Lair of Beasts
  9412 | Lair:1   | Noticed an eight-headed hydra
  9492 | D:9      | Killed an eight-headed hydra
  9856 | Lair:1   | Noticed a six-headed hydra
  9872 | Lair:1   | Killed a six-headed hydra
 10723 | Lair:2   | Found a staircase to the Shoals.
 10963 | Lair:2   | Noticed a six-headed hydra
 10972 | Lair:2   | Killed a six-headed hydra
 10972 | Lair:2   | Reached skill level 11 in Shields
 10972 | Lair:2   | Reached XP level 12. HP: 55/75 MP: 12/12
 11492 | Lair:3   | Noticed Nergalle
 11507 | Lair:3   | Killed Nergalle
 11734 | Lair:3   | Reached **** piety under Qazlal
 11951 | Lair:3   | Found a hole to the Spider Nest.
 12686 | Lair:4   | Noticed Harold
 12697 | Lair:4   | Killed Harold
 12965 | Lair:4   | Reached skill level 1 in Invocations
 13267 | Lair:5   | Reached skill level 12 in Shields
 13374 | Lair:5   | Found a frozen archway.
 13512 | Lair:5   | Reached skill level 5 in Dodging
 14100 | Lair:6   | Entered Level 6 of the Lair of Beasts
 14100 | Lair:6   | Noticed Snorg
 14107 | Lair:6   | Reached XP level 13. HP: 80/80 MP: 5/15
 14126 | Lair:6   | Killed Snorg
 14430 | Lair:6   | Found a viscous altar of Jiyva.
 14431 | Lair:6   | Found a staircase to the Slime Pits.
 14859 | Lair:6   | Reached skill level 5 in Invocations
 14926 | Lair:6   | Noticed a dire elephant
 14926 | Lair:6   | Noticed a dire elephant
 14946 | Lair:6   | Killed a dire elephant
 14946 | Lair:6   | Reached skill level 13 in Shields
 14955 | Lair:6   | Killed a dire elephant
 15157 | Lair:6   | Noticed a dire elephant
 15170 | Lair:6   | Killed a dire elephant
 15201 | Lair:6   | Noticed a dire elephant
 15202 | Lair:6   | Noticed a dire elephant
 15221 | Lair:6   | Killed a dire elephant
 15235 | Lair:6   | Killed a dire elephant
 15238 | Lair:6   | Noticed a dire elephant
 15274 | Lair:6   | Killed a dire elephant
 15406 | Lair:6   | Reached skill level 10 in Armour
 15425 | Lair:6   | Reached ***** piety under Qazlal
 15491 | Lair:6   | Reached skill level 10 in Fighting
 16318 | D:10     | Entered Level 10 of the Dungeon
 16509 | D:10     | Gained mutation: Your large and strong wings let you fly indefinitely. [Gargoyle growth]
 16509 | D:10     | Reached XP level 14. HP: 79/88 MP: 6/18
 16579 | D:10     | Found a staircase to the Orcish Mines.
 16620 | D:10     | Found Nieclad's Distillery.
 16628 | D:10     | Bought a potion of agility for 52 gold pieces
 16940 | D:10     | Identified the Collected Works on Darkness
 17953 | D:12     | Found a white marble altar of Elyvilon.
 17961 | D:12     | Noticed Sapher's ghost (novice DDGl)
 17986 | D:12     | Killed Sapher's ghost
 18051 | D:12     | Reached skill level 14 in Shields
 18509 | D:12     | Reached ****** piety under Qazlal
 18628 | D:12     | Noticed a tengu reaver
 18822 | D:12     | Killed a tengu reaver
 19344 | D:12     | Noticed a frost giant
 19363 | D:12     | Killed a frost giant
 19553 | D:12     | Identified the Disquisition on Quantum Poisoning
 19842 | D:13     | Noticed a tengu reaver
 19863 | D:13     | Reached XP level 15. HP: 54/95 MP: 7/21
 19880 | D:13     | Killed a tengu reaver
 19953 | D:13     | Identified the Papyrus of Weightlessness and Bewitchment
 20035 | D:13     | Reached skill level 15 in Shields
 20399 | D:13     | Found a gate to the Vaults.
 20518 | D:13     | Reached skill level 1 in Evocations
 21126 | D:14     | Found a portal to a secret trove of treasure.
 21252 | D:15     | Entered Level 15 of the Dungeon
 21781 | D:15     | Found a sacrificial altar of Ru.
 22131 | D:15     | Found a staircase to the Depths.
 22435 | Orc:1    | Entered Level 1 of the Orcish Mines
 22620 | Orc:2    | Entered Level 2 of the Orcish Mines
 22620 | Orc:2    | Found a staircase to the Elven Halls.
 22744 | Orc:2    | Found a roughly hewn altar of Beogh.
 23204 | Orc:2    | Reached skill level 10 in Invocations
 23255 | Orc:2    | Reached XP level 16. HP: 70/102 MP: 7/23
 23329 | Orc:2    | Found a roughly hewn altar of Beogh.
 23379 | Orc:2    | Found Qiecwour's Antique Armour Shoppe.
 23381 | Orc:2    | Found Duqaxeck's Jewellery Shoppe.
 23385 | Orc:2    | Found Rutijats's Distillery.
 23393 | Orc:2    | Found Jibewn's Armour Emporium.
 23396 | Orc:2    | Bought a potion of cure mutation for 300 gold pieces
 23396 | Orc:2    | Bought a potion of heal wounds for 60 gold pieces
 23396 | Orc:2    | Bought a potion of curing for 36 gold pieces
 23396 | Orc:2    | Bought a potion of might for 48 gold pieces
 23569 | Elf:1    | Entered Level 1 of the Elven Halls
 23809 | Elf:1    | Killed an eldritch tentacle
 23857 | Elf:1    | Noticed Kirke
 23876 | Elf:1    | Banished Kirke
 23876 | Elf:1    | Reached skill level 16 in Shields
 23908 | Elf:1    | Identified the Papyrus of Calling
 24568 | Elf:2    | Reached skill level 15 in Maces & Flails
 24848 | Elf:2    | Found a flickering gateway to a bazaar.
 24872 | Bazaar   | Entered a bazaar
 24879 | Bazaar   | Identified Gouhopneigh's Volume of Icy Protection
 24881 | Bazaar   | Found Peicoam's Jewellery Shop.
 24881 | Bazaar   | Found Zeuph's Magic Scroll Boutique.
 24888 | Bazaar   | Bought the amulet "Lesour" {Reflect Str+5 Int-4 Dex+3 SH+5} for 525 gold pieces
 24888 | Bazaar   | Bought an uncursed ring of protection from cold for 325 gold pieces
 24890 | Bazaar   | Bought a scroll of enchant armour for 142 gold pieces
 24890 | Bazaar   | Bought a scroll of enchant armour for 142 gold pieces
 24890 | Bazaar   | Bought a scroll of teleportation for 57 gold pieces
 24928 | Elf:2    | Found a runed gate.
 24928 | Elf:2    | Found a runed gate.
 24931 | Elf:2    | Found a runed gate.
 25301 | Elf:2    | Reached XP level 17. HP: 70/109 MP: 8/25
 25500 | Elf:2    | Killed an eldritch tentacle
 25723 | Elf:3    | Entered Level 3 of the Elven Halls
 25752 | Elf:3    | Reached skill level 17 in Shields
 25838 | Elf:3    | Cast into level 2 of the Abyss (a deep elf sorcerer)
 25948 | Abyss:2  | Noticed a bone dragon
 26091 | Abyss:2  | Paralysed by accursed screaming for 1 turns
 26271 | Abyss:2  | Noticed an Executioner
 26272 | Elf:3    | Escaped the Abyss
 26778 | Spider:1 | Entered Level 1 of the Spider Nest
 26893 | Spider:1 | Noticed Rupert
 27173 | Spider:1 | Killed Rupert
 27568 | Lair:3   | Gained mutation: Your mind is acute. (Int +2) [potion of beneficial mutation]
 28032 | Shoals:1 | Entered Level 1 of the Shoals
 28567 | Shoals:1 | Found Xoj Kiwa's Magic Scroll Emporium.
 28605 | Shoals:1 | Reached skill level 18 in Shields
 28788 | Shoals:2 | Noticed Aizul
 28809 | Shoals:2 | Killed Aizul
 28809 | Shoals:2 | Reached XP level 18. HP: 106/116 MP: 9/27
 29609 | Shoals:3 | Found a shattered altar of Ashenzari.
 30498 | Shoals:4 | Entered Level 4 of the Shoals
 30607 | Shoals:4 | Noticed Ilsuiw
 30656 | Shoals:4 | Reached skill level 19 in Shields
 30672 | Shoals:4 | Killed Ilsuiw
 31481 | Shoals:4 | HP: 2/118 [water nymph/the raging water (35)]
 31483 | Shoals:4 | Killed from afar by a water nymph

Skill      XL: |  1  2  3  4  5  6  7  8  9 10 11 12 13 14 15 16 17 18 |
---------------+-------------------------------------------------------+-----
Fighting       | 4 5 6 7 8 9 10 11 12 13 14 | 14.8
Dodging        | 1 2 3 4 5 6 7 8 |  8.4
Shields        | 4 5 6 7 9 11 12 13 14 15 16 18 19 | 19.5
Maces & Flails | 3 4 5 6 8 9 11 12 13 14 15 16 | 16.1
Armour         | 4 5 6 7 8 9 10 11 | 11.8
Stealth        | 1 |  1.0
Invocations    | 3 6 8 10 11 12 | 12.5
Evocations     | 1 |  1.0

Action                   |  1- 3 |  4- 6 |  7- 9 | 10-12 | 13-15 | 16-18 || total
-------------------------+-------+-------+-------+-------+-------+-------++-------
Melee: Whip              |   165 |   243 |   287 |       |       |       ||   695
       Flail             |     6 |       |   340 |   694 |       |       ||  1040
       Demon whip        |       |       |       |    10 |  1480 |  1598 ||  3088
Invok: Disaster Area     |       |       |       |       |       |     4 ||     4
 Abil: Evoke Berserk Rag |       |       |       |       |     3 |       ||     3
       Fly               |       |       |       |       |       |     3 ||     3
       Stop Flying       |       |       |       |       |       |     2 ||     2
Evoke: Wand              |       |       |       |       |     1 |       ||     1
  Use: Scroll            |     2 |     5 |    21 |    11 |    15 |    13 ||    67
       Potion            |       |     5 |     2 |    10 |     8 |    17 ||    42
 Stab: Petrified         |       |       |       |       |     3 |       ||     3
       Confused          |       |       |       |       |     2 |     8 ||    10
       Paralysed         |       |       |       |       |     1 |    14 ||    15
  Eat: Chunk             |     1 |     4 |     7 |    21 |    21 |     4 ||    58
       Beef jerky        |       |     1 |       |       |     1 |       ||     2
       Meat ration       |       |       |     2 |       |     2 |     3 ||     7
       Pizza             |       |       |       |     2 |     2 |     2 ||     6
       Fruit             |       |       |       |     1 |     1 |     7 ||     9
Armor: Scale mail        |    62 |    79 |       |       |       |       ||   141
       Fire dragon scale |       |    31 |   291 |   299 |   388 |   428 ||  1437
       Mottled dragon sc |       |       |       |     6 |       |       ||     6
Dodge: Dodged            |    65 |    60 |   177 |   205 |   277 |   315 ||  1099
       Deflected         |       |       |       |       |    32 |    35 ||    67
Block: Shield            |    73 |    96 |   317 |   556 |   986 |  1753 ||  3781
       Reflection        |       |       |       |       |       |   143 ||   143
